Map: Orbital Shipyard

Players

llllllllllll - Winner!

  • Race: Protoss Protoss
  • League: Grandmaster

State

  • Race: Protoss Protoss
  • League: Grandmaster

VOD

Have the link to the VOD?

Description

Time

  • Played on: Nov. 25, 2015, 1:49 a.m.
  • Length: 6:59
Show
View Real Time Build Order
Export as new Build Order

llllllllllll Protoss - Winner!

Build Orders: 1 Gate Expand, Oracle Opening 

Get SALT Encoding   

  12  0:01  Probe (Chrono Boost)  
  13  0:11  Probe (Chrono Boost)  
  14  0:16  Pylon  
  14  0:22  Probe (Chrono Boost)  
  15  0:35  Probe (Chrono Boost)  
  16  0:36  Gateway  
  16  0:40  Assimilator  
  16  0:45  Probe (Chrono Boost)  
  17  0:56  Probe (Chrono Boost)  
  18  1:07  Probe (Chrono Boost)  
  19  1:18  Nexus  
  19  1:20  Probe (Chrono Boost)  
  20  1:30  Cybernetics Core  
  20  1:33  Probe (Chrono Boost)  
  20  1:39  Assimilator  
  21  1:44  Probe (Chrono Boost)  
  22  1:48  Pylon  
  22  1:54  Probe (Chrono Boost)  
  23  2:04  Warp Gate  
  23  2:06  Probe, Adept (Chrono Boost)  
  26  2:19  Mothership Core (Chrono Boost)  
  28  2:23  Pylon  
  29  2:30  Probe (Chrono Boost)  
  29  2:38  Probe (Chrono Boost)  
  29  2:40  Probe (Chrono Boost)  
  29  2:43  Stargate  
  31  2:49  Probe (Chrono Boost)  
  31  2:51  Probe (Chrono Boost)  
  33  2:52  Stalker  
  35  2:59  Probe (Chrono Boost)  
  35  3:01  Probe (Chrono Boost)  
  37  3:10  Probe (Chrono Boost)  
  37  3:11  Twilight Council  
  37  3:12  Probe (Chrono Boost)  
  39  3:20  Probe (Chrono Boost)  
  39  3:22  Probe (Chrono Boost)  
  43  3:32  Probe (Chrono Boost)  
  43  3:33  Probe (Chrono Boost)  
  43  3:36  Gateway x2  
  43  3:38  Oracle (Chrono Boost)  
  46  3:42  Gateway  
  46  3:47  Pylon  
  46  3:49  Probe x2 (Chrono Boost)  
  46  3:55  Assimilator  
  48  3:56  Pylon  
  48  4:01  Probe x2 (Chrono Boost)  
  48  4:02  Blink (Chrono Boost)  
  50  4:12  Probe, Assimilator  
  50  4:13  Probe  
  52  4:22  Stalker  
  54  4:24  Probe (Chrono Boost)  
  54  4:25  Probe (Chrono Boost)  
  56  4:34  Probe  
  56  4:35  Robotics Facility  
  56  4:36  Probe  
  58  4:42  Pylon  
  58  4:52  Stalker x2  
  60  4:53  Stalker x2  
  60  4:56  Pylon  
  66  5:05  Gateway  
  66  5:09  Gateway  
  66  5:21  Sentry x3  
  72  5:25  Nexus  
  72  5:29  Pylon  
  72  5:33  Immortal (Chrono Boost)  
  76  5:36  Stalker  
  76  5:40  Pylon  
  78  5:52  Stalker x2  
  82  5:57  Pylon  
  82  6:04  Gateway  
  82  6:07  Immortal (Chrono Boost), Pylon  
  86  6:12  Stalker  
  86  6:15  Stalker  
  90  6:19  Stalker  
  92  6:27  Stalker x2  
  88  6:40  Stalker x3  
  94  6:54  Stalker  
Show
View Real Time Build Order
Export as new Build Order

State Protoss 

Build Orders: Nexus First, Blink Stalkers 

Get SALT Encoding   

  12  0:02  Probe (Chrono Boost)  
  13  0:13  Probe (Chrono Boost)  
  14  0:18  Pylon  
  14  0:23  Probe (Chrono Boost)  
  15  0:37  Probe (Chrono Boost)  
  16  0:47  Probe (Chrono Boost)  
  17  0:58  Nexus  
  17  1:08  Gateway  
  17  1:13  Probe (Chrono Boost)  
  17  1:16  Assimilator  
  18  1:22  Assimilator  
  18  1:24  Probe (Chrono Boost)  
  19  1:34  Probe (Chrono Boost)  
  19  1:37  Gateway  
  20  1:45  Probe (Chrono Boost)  
  21  1:55  Probe (Chrono Boost)  
  21  1:58  Cybernetics Core  
  22  2:06  Probe (Chrono Boost)  
  23  2:12  Probe (Chrono Boost)  
  24  2:16  Probe (Chrono Boost)  
  24  2:17  Pylon  
  25  2:23  Probe (Chrono Boost)  
  25  2:27  Probe (Chrono Boost)  
  27  2:33  Probe (Chrono Boost)  
  27  2:35  Adept x2 (Chrono Boost)  
  32  2:37  Probe, Warp Gate  
  33  2:45  Probe  
  33  2:50  Twilight Council  
  34  2:52  Probe (Chrono Boost)  
  34  2:57  Probe (Chrono Boost)  
  35  3:08  Probe (Chrono Boost)  
  35  3:10  Mothership Core (Chrono Boost)  
  35  3:11  Pylon  
  38  3:18  Probe (Chrono Boost)  
  39  3:26  Blink (Chrono Boost)  
  39  3:28  Probe x2  
  41  3:38  Probe  
  41  3:40  Probe  
  41  3:41  Pylon  
  43  3:48  Pylon  
  43  3:49  Probe  
  43  3:53  Probe, Gateway  
  45  3:57  Gateway  
  45  3:59  Probe  
  45  4:00  Robotics Facility  
  47  4:12  Stalker x2  
  47  4:14  Probe  
  47  4:15  Probe  
  47  4:17  Assimilator  
  52  4:24  Gateway  
  52  4:26  Gateway  
  52  4:33  Probe  
  52  4:34  Probe  
  55  4:56  Warp Prism (Chrono Boost)  
  55  4:59  Stalker x3  
  61  5:00  Probe  
  60  5:15  Stalker  
  62  5:29  Stalker x3  
  62  5:30  Stalker  
  62  5:34  Pylon  
  62  5:35  Pylon  
  70  5:36  Pylon  
  70  5:37  Pylon  
  70  5:47  Gateway  
  70  5:53  Stalker x6  
  78  6:16  Stalker x4  
  86  6:19  Zealot, Assimilator  
  86  6:20  Zealot  
  86  6:21  Pylon  
  81  6:41  Stalker x3  
  81  6:42  Stalker  
  75  6:51  Stalker  
Tags
 
Add a new tag
Caveats
  • Supply blocks, unpowered buildings, or Contaminate may cause inaccurate times.
  • Supply counts are checked every 10 seconds.